TOP OF THE 1ST |
Ft. Worth Cattlemen batting - Pitching for Rocky Mountain Nuggets : RHP Omar Casteneda
|
Pitching: RHP Omar Casteneda
|
|
Batting: LHB Jesús Morales
|
0-0: Ball 1-0: Called Strike 1-1: Foul Ball, location: 2F 1-2: SINGLE (Flyball, 8RS)
|
Batting: LHB Chris Etheridge
|
0-0: Ball 1-0: Swinging Strike 1-1: Ball 2-1: Hit by Pitch Jesús Morales to second
|
Batting: RHB Bart Lewis
|
0-0: Foul Ball, location: 2F 0-1: Ball 1-1: DOUBLE (Groundball, 5L) Jesús Morales scores Chris Etheridge to third
|
Batting: LHB Rick Mayfield
|
0-0: Ball 1-0: Ground out 4-3 (Groundball, 4) Chris Etheridge scores Bart Lewis to third
|
Batting: SHB Marcos Roa
|
0-0: Ball 1-0: Swinging Strike 1-1: DOUBLE (Line Drive, 78D) Bart Lewis scores
|
Batting: RHB Gilberto Juárez
|
0-0: Called Strike 0-1: Called Strike 0-2: Ball 1-2: Strikes out swinging
|
Batting: LHB Nobuo Yamashita
|
0-0: Swinging Strike 0-1: Ball Wild Pitch! Marcos Roa to third 1-1: Ball 2-1: Ball 3-1: SINGLE (Groundball, 15) (infield hit) Marcos Roa scores
|
Batting: SHB Javier Vázquez
|
0-0: Foul Ball, location: 2F 0-1: Reached on error, E5 (Groundball, 5) Nobuo Yamashita to second
|
Batting: RHB Orlando Montoya
|
0-0: Ball 1-0: Swinging Strike 1-1: Ball 2-1: Ball 3-1: Base on Balls Nobuo Yamashita to third Javier Vázquez to second
|
Batting: LHB Jesús Morales
|
0-0: Ball 1-0: Ball 2-0: Called Strike 2-1: Ground out 4-3 (Groundball, 4)
|
Top of the 1st over - 4 runs, 4 hits, 1 error, 3 left on base; Ft. Worth 4 - Rocky Mountain 0 |
BOTTOM OF THE 1ST |
Rocky Mountain Nuggets batting - Pitching for Ft. Worth Cattlemen : RHP Gustavo Pérez
|
Pitching: RHP Gustavo Pérez
|
|
Batting: RHB Luis Ríos
|
0-0: Called Strike 0-1: Swinging Strike 0-2: Ball 1-2: Ball 2-2: Foul Ball, location: 2F 2-2: Foul Ball, location: 2F 2-2: Strikes out swinging
|
Batting: LHB Willis Baker
|
0-0: Ball 1-0: Foul Ball, location: 2F 1-1: Called Strike 1-2: Foul Ball, location: 2F 1-2: Ball 2-2: Ball 3-2: SINGLE (Groundball, 34D)
|
Batting: RHB Manuel Becerra
|
0-0: Foul Ball, location: 2F 0-1: Ball 1-1: Fly out, F8 (Flyball, 78D)
|
Batting: LHB Javier Sánchez
|
0-0: Called Strike 0-1: SINGLE (Flyball, 7S) Willis Baker to second
|
Batting: RHB Ludwig Kluge
|
0-0: Called Strike 0-1: Ball 1-1: Fly out, F9 (Line Drive, 9D)
|
Bottom of the 1st over - 0 runs, 2 hits, 0 errors, 2 left on base; Ft. Worth 4 - Rocky Mountain 0 |
TOP OF THE 2ND |
Ft. Worth Cattlemen batting - Pitching for Rocky Mountain Nuggets : RHP Omar Casteneda
|
Batting: LHB Chris Etheridge
|
0-0: Ball 1-0: Swinging Strike 1-1: Foul Ball, location: 2F 1-2: Ball 2-2: Foul Ball, location: 2F 2-2: Foul Ball, location: 2F 2-2: Ball 3-2: SINGLE (Groundball, 34D)
|
Batting: RHB Bart Lewis
|
0-0: Ball Chris Etheridge steals 2nd base 1-0: Foul Ball, location: 2F 1-1: Ball 2-1: Ball 3-1: Swinging Strike 3-2: Foul Ball, location: 2F 3-2: Fly out, F9 (Flyball, 9D) Runner from 2nd tags up, SAFE at 3rd, no throw
|
Batting: LHB Rick Mayfield
|
0-0: Ball 1-0: Ball 2-0: Ball 3-0: Base on Balls
|
Batting: SHB Marcos Roa
|
0-0: Ball 1-0: Fly out, F5 (Popup, 15)
|
Batting: RHB Gilberto Juárez
|
0-0: Foul Ball, location: 2F 0-1: Swinging Strike 0-2: Foul Ball, location: 2F 0-2: Ball 1-2: Fielders Choice at 2nd, 6-4 (Groundball, 6)
|
Top of the 2nd over - 0 runs, 1 hit, 0 errors, 2 left on base; Ft. Worth 4 - Rocky Mountain 0 |
BOTTOM OF THE 2ND |
Rocky Mountain Nuggets batting - Pitching for Ft. Worth Cattlemen : RHP Gustavo Pérez
|
Batting: RHB Andrés Rodríguez
|
0-0: Called Strike 0-1: Ball 1-1: Fly out, F8 (Flyball, 78D)
|
Batting: RHB Travis Newsome
|
0-0: Swinging Strike 0-1: SINGLE (Line Drive, 3)
|
Batting: RHB Sergio Martínez
|
0-0: Swinging Strike 0-1: Ball 1-1: Foul Ball, location: 2F 1-2: Foul Ball, location: 2F 1-2: SINGLE (Groundball, 6S) (infield hit) Travis Newsome to second
|
Batting: RHB Anthony Johnston
|
0-0: Foul Ball, location: 2F 0-1: Fly out, F6 (Line Drive, 6M)
|
Batting: RHB Luis Ríos
|
0-0: Fly out, F3 (Popup, 3L)
|
Bottom of the 2nd over - 0 runs, 2 hits, 0 errors, 2 left on base; Ft. Worth 4 - Rocky Mountain 0 |
TOP OF THE 3RD |
Ft. Worth Cattlemen batting - Pitching for Rocky Mountain Nuggets : RHP Omar Casteneda
|
Batting: LHB Nobuo Yamashita
|
0-0: Ball 1-0: Called Strike 1-1: Swinging Strike 1-2: Ball 2-2: Ball 3-2: Fly out, F7 (Flyball, 7D)
|
Batting: SHB Javier Vázquez
|
0-0: Called Strike 0-1: Ball 1-1: Ball 2-1: Foul Ball, location: 2F 2-2: Ball 3-2: Foul Ball, location: 2F 3-2: Strikes out looking
|
Batting: RHB Orlando Montoya
|
0-0: Ground out 6-3 (Groundball, 56)
|
Top of the 3rd over - 0 runs, 0 hits, 0 errors, 0 left on base; Ft. Worth 4 - Rocky Mountain 0 |
BOTTOM OF THE 3RD |
Rocky Mountain Nuggets batting - Pitching for Ft. Worth Cattlemen : RHP Gustavo Pérez
|
Batting: LHB Willis Baker
|
0-0: Called Strike 0-1: Ball 1-1: Ground out U3 (Groundball, 3L)
|
Batting: RHB Manuel Becerra
|
0-0: Called Strike 0-1: Ground out U3 (Groundball, 3S)
|
Batting: LHB Javier Sánchez
|
0-0: Foul Ball, location: 2F 0-1: Foul Ball, location: 2F 0-2: Ball 1-2: DOUBLE (Flyball, 89D)
|
Batting: RHB Ludwig Kluge
|
0-0: Called Strike 0-1: Ball 1-1: Ball 2-1: Foul Ball, location: 2F 2-2: Foul Ball, location: 2F 2-2: Fly out, F7 (Line Drive, 7D)
|
Bottom of the 3rd over - 0 runs, 1 hit, 0 errors, 1 left on base; Ft. Worth 4 - Rocky Mountain 0 |
TOP OF THE 4TH |
Ft. Worth Cattlemen batting - Pitching for Rocky Mountain Nuggets : RHP Omar Casteneda
|
Batting: LHB Jesús Morales
|
0-0: Called Strike 0-1: DOUBLE (Line Drive, 9LM)
|
Batting: LHB Chris Etheridge
|
0-0: Foul Ball, location: 2F 0-1: Swinging Strike 0-2: Hit by Pitch
|
Batting: RHB Bart Lewis
|
0-0: Ball 1-0: Called Strike 1-1: SINGLE (Groundball, 6MD) Jesús Morales to third Chris Etheridge to second
|
Batting: LHB Rick Mayfield
|
0-0: Swinging Strike 0-1: Foul Ball, location: 2F 0-2: Ball 1-2: Ball 2-2: Ball 3-2: Grounds into double play, 5-4-3 (Groundball, 5) Jesús Morales scores Chris Etheridge to third
|
Batting: SHB Marcos Roa
|
0-0: Ball Wild Pitch! Chris Etheridge scores 1-0: Called Strike 1-1: Ball 2-1: Ground out 5-3 (Groundball, 5)
|
Top of the 4th over - 2 runs, 2 hits, 0 errors, 0 left on base; Ft. Worth 6 - Rocky Mountain 0 |
BOTTOM OF THE 4TH |
Rocky Mountain Nuggets batting - Pitching for Ft. Worth Cattlemen : RHP Gustavo Pérez
|
Batting: RHB Andrés Rodríguez
|
0-0: Ball 1-0: Called Strike 1-1: Ball 2-1: Ground out 6-3 (Groundball, 6)
|
Batting: RHB Travis Newsome
|
0-0: Ground out 6-3 (Groundball, 6)
|
Batting: RHB Sergio Martínez
|
0-0: Foul Ball, location: 2F 0-1: Ball 1-1: Ball 2-1: Ball 3-1: Foul Ball, location: 2F 3-2: Reached on error, E3 (Groundball, 34)
|
Batting: RHB Anthony Johnston
|
0-0: Ball 1-0: Ball 2-0: Ball 3-0: Base on Balls
|
Batting: RHB Luis Ríos
|
0-0: Ball 1-0: Ball 2-0: Ball 3-0: Called Strike 3-1: Fielders Choice at 2nd, 5-4 (Groundball, 56)
|
Bottom of the 4th over - 0 runs, 0 hits, 1 error, 2 left on base; Ft. Worth 6 - Rocky Mountain 0 |
TOP OF THE 5TH |
Ft. Worth Cattlemen batting - Pitching for Rocky Mountain Nuggets : RHP Omar Casteneda
|
Batting: RHB Gilberto Juárez
|
0-0: Fly out, F9 (Flyball, 89S)
|
Batting: LHB Nobuo Yamashita
|
0-0: Called Strike 0-1: Called Strike 0-2: Foul Ball, location: 2F 0-2: Foul Ball, location: 2F 0-2: Ball 1-2: Ball 2-2: Fly out, F7 (Flyball, 78M)
|
Batting: SHB Javier Vázquez
|
0-0: Ball 1-0: SINGLE (Groundball, 34D)
|
Pitching: LHP Cisco Cazares
|
|
Batting: RHB Orlando Montoya
|
0-0: Ball 1-0: Ball 2-0: Foul Ball, location: 2F 2-1: Ball 3-1: Foul Ball, location: 2F 3-2: Base on Balls Javier Vázquez to second
|
Batting: LHB Jesús Morales
|
0-0: Foul Ball, location: 2F 0-1: Ball 1-1: Ball 2-1: Swinging Strike 2-2: Ground out U3 (Groundball, 34)
|
Top of the 5th over - 0 runs, 1 hit, 0 errors, 2 left on base; Ft. Worth 6 - Rocky Mountain 0 |
BOTTOM OF THE 5TH |
Rocky Mountain Nuggets batting - Pitching for Ft. Worth Cattlemen : RHP Gustavo Pérez
|
Batting: LHB Willis Baker
|
0-0: Called Strike 0-1: Foul Ball, location: 2F 0-2: Ball 1-2: Fly out, F3 (Popup, 3SF)
|
Batting: RHB Manuel Becerra
|
0-0: Ball 1-0: Ball 2-0: Ground out 1-3 (Groundball, 13)
|
Batting: LHB Javier Sánchez
|
0-0: Ball 1-0: Called Strike 1-1: DOUBLE (Groundball, 5L)
|
Batting: RHB Ludwig Kluge
|
0-0: Swinging Strike 0-1: Ball 1-1: Foul Ball, location: 2F 1-2: Foul Ball, location: 2F 1-2: Fly out, F8 (Flyball, 78XD)
|
Bottom of the 5th over - 0 runs, 1 hit, 0 errors, 1 left on base; Ft. Worth 6 - Rocky Mountain 0 |
TOP OF THE 6TH |
Ft. Worth Cattlemen batting - Pitching for Rocky Mountain Nuggets : LHP Cisco Cazares
|
Batting: LHB Chris Etheridge
|
0-0: Called Strike 0-1: Ball 1-1: Ball 2-1: Fly out, F9 (Flyball, 9)
|
Batting: RHB Bart Lewis
|
0-0: Called Strike 0-1: Ball 1-1: Fly out, F8 (Flyball, 8RD)
|
Batting: LHB Rick Mayfield
|
0-0: Ball 1-0: Ball 2-0: Swinging Strike 2-1: Ball 3-1: Foul Ball, location: 2F 3-2: Foul Ball, location: 2F 3-2: Foul Ball, location: 2F 3-2: Foul Ball, location: 2F 3-2: Fly out, F7 (Flyball, 7S)
|
Top of the 6th over - 0 runs, 0 hits, 0 errors, 0 left on base; Ft. Worth 6 - Rocky Mountain 0 |
BOTTOM OF THE 6TH |
Rocky Mountain Nuggets batting - Pitching for Ft. Worth Cattlemen : RHP Gustavo Pérez
|
Batting: RHB Andrés Rodríguez
|
0-0: Ball 1-0: Swinging Strike 1-1: Ball 2-1: Ground out 5-3 (Groundball, 56S)
|
Batting: RHB Travis Newsome
|
0-0: Ball 1-0: Fly out, F8 (Line Drive, 78D)
|
Batting: RHB Sergio Martínez
|
0-0: Called Strike 0-1: Called Strike 0-2: Strikes out looking
|
Bottom of the 6th over - 0 runs, 0 hits, 0 errors, 0 left on base; Ft. Worth 6 - Rocky Mountain 0 |
TOP OF THE 7TH |
Ft. Worth Cattlemen batting - Pitching for Rocky Mountain Nuggets : LHP Cisco Cazares
|
Batting: SHB Marcos Roa
|
0-0: Called Strike 0-1: Ball 1-1: Ball 2-1: Foul Ball, location: 2F 2-2: Foul Ball, location: 2F 2-2: Fly out, F8 (Flyball, 8RXD)
|
Batting: RHB Gilberto Juárez
|
0-0: Fly out, F3 (Popup, 3SF)
|
Batting: LHB Nobuo Yamashita
|
0-0: Ball 1-0: Called Strike 1-1: Swinging Strike 1-2: Strikes out swinging
|
Top of the 7th over - 0 runs, 0 hits, 0 errors, 0 left on base; Ft. Worth 6 - Rocky Mountain 0 |
BOTTOM OF THE 7TH |
Rocky Mountain Nuggets batting - Pitching for Ft. Worth Cattlemen : RHP Gustavo Pérez
|
Batting: RHB Anthony Johnston
|
0-0: Ground out 6-3 (Groundball, 6)
|
Batting: RHB Luis Ríos
|
0-0: Ball 1-0: DOUBLE (Line Drive, 89D)
|
Batting: LHB Willis Baker
|
0-0: Fly out, F6 (Popup, 56)
|
Batting: RHB Manuel Becerra
|
0-0: Foul Ball, location: 2F 0-1: Foul Ball, location: 2F 0-2: Ball 1-2: Ball 2-2: Ground out 6-3 (Groundball, 6)
|
Bottom of the 7th over - 0 runs, 1 hit, 0 errors, 1 left on base; Ft. Worth 6 - Rocky Mountain 0 |
TOP OF THE 8TH |
Ft. Worth Cattlemen batting - Pitching for Rocky Mountain Nuggets : LHP Cisco Cazares
|
Batting: SHB Javier Vázquez
|
0-0: Called Strike 0-1: Ground out 6-3 (Groundball, 6)
|
Batting: RHB Orlando Montoya
|
0-0: Ball 1-0: Ball 2-0: Called Strike 2-1: Swinging Strike 2-2: Ball 3-2: SINGLE (Flyball, 8LS)
|
Pitching: RHP Carlos Trevino
|
|
Batting: LHB Jesús Morales
|
0-0: Ball 1-0: Ball 2-0: Ground out U3 (Groundball, 34S) Orlando Montoya to second
|
Batting: LHB Chris Etheridge
|
0-0: Ball 1-0: Swinging Strike 1-1: Ball 2-1: Ball 3-1: Base on Balls
|
Batting: RHB Bart Lewis
|
0-0: Fly out, F4 (Line Drive, 4)
|
Top of the 8th over - 0 runs, 1 hit, 0 errors, 2 left on base; Ft. Worth 6 - Rocky Mountain 0 |
BOTTOM OF THE 8TH |
Rocky Mountain Nuggets batting - Pitching for Ft. Worth Cattlemen : RHP Gustavo Pérez
|
Pitching: RHP Enrique Cortéz
|
|
Now in LF: Ryan Westlake
|
|
Batting: LHB Javier Sánchez
|
0-0: Swinging Strike 0-1: Ball 1-1: SINGLE (Line Drive, 8RS)
|
Batting: RHB Ludwig Kluge
|
0-0: SINGLE (Line Drive, 7LS) Javier Sánchez to second
|
Batting: RHB Andrés Rodríguez
|
0-0: Called Strike 0-1: Ball 1-1: Ball 2-1: Ball 3-1: Fly out, F9 (Line Drive, 9)
|
Batting: RHB Travis Newsome
|
0-0: SINGLE (Flyball, 78S) Javier Sánchez to third Ludwig Kluge to second Runner from 3rd tries for Home, SAFE, throw made home
|
Batting: RHB Sergio Martínez
|
0-0: Ball 1-0: Ball 2-0: Ball 3-0: Called Strike 3-1: Foul Ball, location: 2F 3-2: Foul Ball, location: 2F 3-2: Base on Balls Ludwig Kluge to third Travis Newsome to second
|
Batting: RHB Anthony Johnston
|
0-0: Ball 1-0: Foul Ball, location: 2F 1-1: DOUBLE (Line Drive, 7D) Ludwig Kluge scores Travis Newsome scores Sergio Martínez to third
|
Pitching: RHP Darren Garland
|
|
Batting: RHB Luis Ríos
|
0-0: Called Strike 0-1: Ball 1-1: SINGLE (Line Drive, 6MD) Sergio Martínez scores Anthony Johnston to third Runner from 3rd tries for Home, SAFE, no throw
|
Batting: LHB Willis Baker
|
0-0: Foul Ball, location: 2F 0-1: Ball 1-1: Swinging Strike 1-2: Ball 2-2: Ball 3-2: Strikes out swinging
|
Batting: RHB Manuel Becerra
|
0-0: Ball 1-0: Called Strike 1-1: Swinging Strike 1-2: Strikes out looking
|
Bottom of the 8th over - 5 runs, 5 hits, 0 errors, 1 left on base; Ft. Worth 6 - Rocky Mountain 5 |
TOP OF THE 9TH |
Ft. Worth Cattlemen batting - Pitching for Rocky Mountain Nuggets : RHP Carlos Trevino
|
Pitching: RHP Jorge Garza
|
|
Batting: LHB Rick Mayfield
|
0-0: Fly out, F9 (Flyball, 89D)
|
Batting: SHB Marcos Roa
|
0-0: Ball 1-0: Ball 2-0: Foul Ball, location: 2F 2-1: Foul Ball, location: 2F 2-2: Foul Ball, location: 2F 2-2: Fly out, F8 (Flyball, 8RS)
|
Batting: RHB Gilberto Juárez
|
0-0: Ball 1-0: Called Strike 1-1: Ground out 4-3 (Groundball, 4M)
|
Top of the 9th over - 0 runs, 0 hits, 0 errors, 0 left on base; Ft. Worth 6 - Rocky Mountain 5 |
BOTTOM OF THE 9TH |
Rocky Mountain Nuggets batting - Pitching for Ft. Worth Cattlemen : RHP Darren Garland
|
Pitching: LHP Asher Spivey
|
|
Batting: LHB Javier Sánchez
|
0-0: Ball 1-0: DOUBLE (Flyball, 8LXD)
|
Batting: RHB Ludwig Kluge
|
0-0: Foul Ball, location: 2F 0-1: Ball 1-1: Swinging Strike 1-2: Ball 2-2: Ball 3-2: Foul Ball, location: 2F 3-2: Strikes out looking
|
Batting: RHB Andrés Rodríguez
|
0-0: Called Strike 0-1: Ball 1-1: Ball 2-1: Foul Ball, location: 2F 2-2: Ball 3-2: Foul Ball, location: 2F 3-2: Base on Balls
|
Batting: RHB Travis Newsome
|
0-0: Ball 1-0: Swinging Strike 1-1: Ball 2-1: 3-RUN HOME RUN (Line Drive, 7LD), Distance : 368 ft
|
Tuesday, December 19th, 2017 - OOTP Baseball 18.8 Build 76
|
|